 Dungeon Crawl Stone Soup version 0.31.0-32-g396128a36d (webtiles) character file.

Game seed: 12155286413086637023

7 Peloso the Shield-Bearer (level 1, -2/2 HPs)
             Began as a Minotaur Fighter on Mar 13, 2024.
             Slain by a kobold
             ... wielding a +0 short sword
              (4 damage)
             ... on level 1 of the Dungeon.
             The game lasted 00:00:43 (193 turns).

Peloso the Shield-Bearer (Minotaur Fighter)          Turns: 193, Time: 00:00:43

Health: -2/2       AC:  2    Str: 25    XL:     1   Next: 91%
Magic:  0/0        EV:  9    Int:  5    God:
Gold:   29         SH:  0    Dex:  9    Spells: 0/0 levels left

rFire   . . .        a - melded +0 long sword
rCold   . . .        d - melded +0 buckler
rNeg    . . .        b - melded +0 scale mail
rPois   +            (helmet currently unavailable)
rElec   .            (cloak currently unavailable)
rCorr   .            (gloves currently unavailable)
SInv    .            (boots currently unavailable)
Will    .....        (no amulet)
Stlth   +            (no ring)
HPRegen 0.20/turn    (no ring)
MPRegen 0.07/turn

%: no passive effects
@: snake-form
A: constrict, reduced hp, large, (horns 2), (retaliatory headbutt)
a: Begin Untransformation


You were on level 1 of the Dungeon.
You were an enormous serpent.
You visited 1 branch of the dungeon, and saw 1 of its levels.

You collected 29 gold pieces.

Inventory:

Hand Weapons
 a - a +0 long sword (melded)
Armour
 b - a +0 scale mail (melded)
 d - a +0 buckler (melded)
Jewellery
 e - a ring of see invisible
Talismans
 c - a serpent talisman (active)
Potions
 f - a potion of might


   Skills:
 + Level 3.8 Fighting
 + Level 2.5 Long Blades
 + Level 3.8 Armour
 + Level 3.8 Shields


You couldn't memorise any spells.
You didn't know any spells.
Your spell library was empty.

Dungeon Overview and Level Annotations

Branches:
Dungeon (1/15)

Altars:


Innate Abilities, Weirdness & Mutations

You are an enormous serpent.
You have a powerful constriction melee attack.
Your maximum health is decreased, since you lack skill for your form.
Your armour is entirely melded.
You are incapable of wielding weapons or throwing items.
((You have a pair of horns on your head.))
((You reflexively headbutt those who attack you in melee.))


Message History

The giant cockroach barely misses you. You furiously retaliate!
You headbutt the giant cockroach, but do no damage.
You barely miss the giant cockroach.
The giant cockroach is almost dead.
The giant cockroach barely misses you.
The kobold hits you with a +0 short sword.
You closely miss the giant cockroach. You headbutt the giant cockroach.
You kill the giant cockroach!
The kobold hits you but does no damage.
You barely miss the kobold. The kobold hits you but does no damage.
You hit the kobold.
You kill the kobold!
You drop a potion of might.
You start removing your armour.
You continue taking off your +0 buckler. x4
You finish taking off your +0 buckler.
You drop a +0 buckler.
You see here a potion of might.
You see here a serpent talisman.
c - a serpent talisman You see here a potion of might.
You see here a +0 buckler.
d - a +0 buckler You see here a potion of might.
f - a potion of might You start putting on your armour.
You continue putting on your +0 buckler. x4
You finish putting on your +0 buckler.
Unknown command.
Unknown command.
You begin transforming.
You continue transforming. x3
You turn into an enormous serpent.
Your +0 long sword melds into your body.
Your +0 buckler melds into your body.
Your +0 scale mail melds into your body.
You now have 29 gold pieces (gained 10).
A kobold comes into view. It is wielding a +0 short sword.
Found a stone staircase leading down.
The kobold hits you with a +0 short sword.
Ouch! That really hurt!
You die...

#....####.##
♣.♣♣....#.#.
♣♣♣.♣♣♣♣#...#.
♣♣PP.PP♣♣#.....
♣PP...PP♣♣.###.
##♣♣P.....P♣♣.##..
#......⌠......##..
#.♣♣P.....P♣♣###..
#S♣♣PP...PP♣ ##.
#K.♣♣PP.PP♣♣#####.
##.♣♣♣♣.♣♣♣♣......
.. ♣.♣ ######. #.#
#.. #. ..
..########. >..
......).# .###
#######.# #.#


You could see a kobold.

Vanquished Creatures
  A giant cockroach (D:1)
  3 goblins (D:1)
  A hobgoblin (D:1)
  A kobold (D:1)
6 creatures vanquished.

Notes
Turn   | Place    | Note
-------+----------+-------------------------------------------
     0 | D:1      | Peloso the Minotaur Fighter began the quest for the Orb.
     0 | D:1      | Reached XP level 1. HP: 19/19 MP: 0/0
   193 | D:1      | Slain by a kobold

Illustrated notes

Levels and vault maps discovered:
D:1:      nicolae_arrival_washed_ashore, layout_basic, serial_forest,
          infiniplex_forest_fountain, infiniplex_forest_clump_small,
          infiniplex_forest_straight_4, infiniplex_forest_lined_2,
          infiniplex_forest_fountain, infiniplex_forest_clump_diagonal,
          infiniplex_forest_lined_2, chequers_ecumenical_altar_grove,
          minmay_box_of_dots

Action                     || total
---------------------------++-------
  Melee: Long sword        ||    14
         Headbutt          ||     2
 Armour: Scale mail        ||     7
         Skin              ||     1
  Dodge: Dodged            ||     5
  Block: Buckler           ||     3
   Form: Serpent           ||     1
